 Dungeon Crawl Stone Soup version 0.22-b1-21-g5cfc168 (webtiles) character file.

2188 tyranidshit the Schismatic (level 9, -1/72 HPs)
             Began as a Demonspawn Abyssal Knight on Aug 2, 2018.
             Was an Elder of Lugonu.
             Slain by an ogre
             ... wielding a +0 giant club
              (15 damage)
             ... on level 7 of the Dungeon.
             The game lasted 00:16:27 (6330 turns).

tyranidshit the Schismatic (DsAK)                   Turns: 6330, Time: 00:16:27

Health: -1/72      AC: 12    Str: 16    XL:     9   Next: 12%
Magic:  16/16      EV:  9    Int: 16    God:    Lugonu [****..]
Gold:   297        SH:  0    Dex: 19    Spells: 8/8 levels left

rFire    + . .     SeeInvis .   k - +8 whip of the Snake Pit {freeze, rN+ Dex+7}
rCold    + . .     Gourm    .   (no shield)
rNeg     + + .     Faith    .   m - +0 chain mail
rPois    .         Spirit   .   n - +0 helmet
rElec    .         Reflect  .   p - +0 cloak
rCorr    .         Harm     .   (no gloves)
MR       .....                  (no boots)
Stlth    ..........             (no amulet)
HPRegen  0.22/turn              e - ring of positive energy
MPRegen  0.15/turn              h - ring of protection from cold

@: no status effects
A: talons 2, repulsion field 1, clever 1, fire resistance 1, high mp 1
a: Depart the Abyss, Bend Space, Banish, Corrupt, Renounce Religion


You were on level 7 of the Dungeon.
You worshipped Lugonu.
Lugonu was greatly pleased with you.
You were hungry.

You visited 1 branch of the dungeon, and saw 7 of its levels.
You visited the Abyss 1 time.
You also visited: Sewer.

You collected 297 gold pieces.

Inventory:

Hand Weapons
 a - a +2 hand axe
 k - the +8 whip of the Snake Pit (weapon) {freeze, rN+ Dex+7}
   (You found it on level 4 of the Dungeon)

   It has been specially enchanted to freeze those struck by it, causing extra
   injury to most foes and up to half again as much damage against particularly
   susceptible opponents.
   It can also slow down cold-blooded creatures.
   It affects your dexterity (+7).
   It protects you from negative energy.
Armour
 i - a +0 pair of boots
 m - a +0 chain mail (worn)
 n - a +0 helmet (worn)
 p - a +0 cloak (worn)
 u - the +1 ring mail "Morinool" {rCorr}
   (You found it on level 6 of the Dungeon)

   It provides partial protection from all sources of acid and corrosion.
Jewellery
 e - a ring of positive energy (left hand)
 h - a ring of protection from cold (right hand)
 l - an uncursed ring of wizardry
Wands
 o - a wand of flame (14)
Scrolls
 d - 3 scrolls of remove curse
 f - 4 scrolls of teleportation
 g - 3 scrolls of enchant weapon
 j - 11 scrolls of identify
 q - 5 scrolls of magic mapping
 w - 2 scrolls of amnesia
Potions
 b - a potion of ambrosia
 r - 4 potions of flight
 t - a potion of heal wounds
 v - 3 potions of haste
Comestibles
 c - 3 rations


   Skills:
 - Level 7.0 Fighting
 - Level 1.7 Axes
 - Level 5.2 Armour
 - Level 0.8 Dodging
 + Level 8.3 Invocations
 + Level 5.9 Evocations


You had 8 spell levels left.
You didn't know any spells.
Your spell library was empty.

Dungeon Overview and Level Annotations

Branches:
Dungeon (7/15)             Temple (0/1) D:6

Altars:
Gozag
Okawaru
Ru
Sif Muna
Trog
Vehumet
Wu Jian
Zin


Innate Abilities, Weirdness & Mutations

You have razor-sharp toenails.
You are surrounded by a mild repulsion field. (EV +2)
Your flesh is heat resistant. (rF+)
Your mind is acute. (Int +2)
You have an increased reservoir of magic. (+10% MP)


Message History

There is a stone staircase leading up, spattered with blood here.
There is an escape hatch in the floor, spattered with blood here.
Things that are here:
a flail; a gnoll corpse
There is a stone staircase leading up, spattered with blood here.
You are feeling hungry.
Things that are here:
a spear; a gnoll corpse You see here a spear.
You see here a scorpion corpse.
The scorpion corpse isn't edible.
Okay, then.
There is a stone staircase leading up, spattered with blood here.
An ogre comes into view. It is wielding a giant club.
The ogre shouts!
You hear a shout!
The ogre hits you with a giant club!!
* * * LOW HITPOINT WARNING * * *
The ogre barely misses you. The ogre hits you with a giant club!
You die...

#######
#.....#
#.....#
##...>.###.#
#..†.@O....#
#.....)##..#
#.#..))# .#
#.#.##.# # #
#......
........#
......##.#
.##.#... ...
#. #...#.
###


You could see an ogre.

Vanquished Creatures
  Sigmund (D:4)
  Menkaure (D:6)
  Duvessa (D:6)
  An orc warrior (D:6)
  A hornet zombie (D:7)
  2 ogres (D:6)
  A phantom (D:4)
  2 centaurs (D:6)
  Blork the orc (D:4)
  A big kobold (Sewer)
  A bullfrog (D:7)
  A gnoll sergeant (D:6)
  Dowan (D:6)
  A scorpion (D:7)
  An orc priest (D:3)
  Crazy Yiuf (D:2)
  7 orc wizards
  An iguana (D:6)
  Ijyb (D:5)
  Natasha (twice) (D:4)
  5 worker ants
  A howler monkey zombie (D:6)
  12 gnolls
  4 river rats (Sewer)
  10 adders
  3 shadow imps
  4 worms
  3 dart slugs
  4 leopard geckos
  7 orcs
  5 giant cockroaches
  9 goblins
  14 hobgoblins
  5 quokkas
  3 ball pythons
  A ball python skeleton (D:5)
  8 bats
  7 frilled lizards
  A jackal skeleton (D:6)
  8 kobolds
  A quokka skeleton (D:4)
  5 rats
149 creatures vanquished.

Notes
Turn   | Place    | Note
-------+----------+-------------------------------------------
     0 | Abyss:1  | tyranidshit the Demonspawn Abyssal Knight began the quest for the Orb.
     0 | Abyss:1  | Reached XP level 1. HP: 18/18 MP: 2/2
     0 | Abyss:1  | Found a corrupted altar of Lugonu.
    28 | Abyss:1  | Found an opulent altar of Gozag.
   199 | Abyss:1  | Noticed a quasit
   200 | D:1      | Escaped the Abyss
   334 | D:1      | Gained mutation: Your flesh is heat resistant. (rF+) [demonic ancestry]
   334 | D:1      | Reached XP level 2. HP: 9/24 MP: 3/3
  1249 | D:2      | Reached XP level 3. HP: 31/31 MP: 4/4
  1300 | D:2      | Gained mutation: You have a pair of small horns on your head. [potion of mutation]
  1300 | D:2      | Lost mutation: You have a pair of small horns on your head. [potion of mutation]
  1300 | D:2      | Gained mutation: Your magical capacity is low. (-10% MP) [potion of mutation]
  1300 | D:2      | Gained mutation: Your spells are a little harder to cast, but a little more powerful. [potion of mutation]
  1444 | D:2      | Found a runed door.
  1469 | D:2      | Reached * piety under Lugonu
  1601 | D:2      | Found an ornate altar of the Wu Jian Council.
  1635 | D:2      | Gained mutation: You have sharp toenails. [demonic ancestry]
  1635 | D:2      | Reached XP level 4. HP: 31/38 MP: 5/5
  1815 | D:2      | Reached skill level 5 in Fighting
  1863 | D:2      | Found a deep blue altar of Sif Muna.
  2256 | D:3      | Found an iron altar of Okawaru.
  2836 | D:4      | Got an ivory whip
  2837 | D:4      | Identified the +8 whip of the Snake Pit {freeze, rN+ Dex+7} (You found it on level 4 of the Dungeon)
  2856 | D:4      | Reached ** piety under Lugonu
  2863 | D:4      | Noticed Sigmund
  2878 | D:4      | Killed Sigmund
  2878 | D:4      | Gained mutation: You have razor-sharp toenails. [demonic ancestry]
  2878 | D:4      | Reached XP level 5. HP: 39/47 MP: 6/6
  2878 | D:4      | Reached XP level 6. HP: 44/53 MP: 7/7
  2959 | D:4      | Noticed Natasha
  2964 | D:4      | Killed Natasha
  2986 | D:4      | Noticed Blork the orc
  2998 | D:4      | Killed Blork the orc
  3247 | D:4      | Found a radiant altar of Vehumet.
  3494 | D:2      | Noticed Crazy Yiuf
  3498 | D:2      | Killed Crazy Yiuf
  3498 | D:2      | Gained mutation: You are surrounded by a mild repulsion field. (EV +2) [demonic ancestry]
  3498 | D:2      | Reached XP level 7. HP: 55/60 MP: 7/7
  3596 | D:4      | Noticed Natasha
  3603 | D:4      | Killed Natasha
  3609 | D:5      | Entered Level 5 of the Dungeon
  3664 | D:5      | Lost mutation: Your magical capacity is low. (-10% MP) [potion of mutation]
  3664 | D:5      | Lost mutation: Your spells are a little harder to cast, but a little more powerful. [potion of mutation]
  3664 | D:5      | Gained mutation: Your mind is acute. (Int +2) [potion of mutation]
  3664 | D:5      | Gained mutation: You have an increased reservoir of magic. (+10% MP) [potion of mutation]
  3668 | D:5      | Found a glowing silver altar of Zin.
  3698 | D:5      | Noticed Ijyb
  3888 | D:5      | Killed Ijyb
  3899 | D:5      | Found a sacrificial altar of Ru.
  4069 | D:5      | Found a glowing drain.
  4073 | Sewer    | Entered a sewer
  4121 | Sewer    | Reached skill level 5 in Armour
  4280 | Sewer    | Reached *** piety under Lugonu
  4458 | D:5      | Reached skill level 3 in Invocations
  4458 | D:5      | Reached skill level 1 in Evocations
  4854 | D:6      | Reached skill level 4 in Invocations
  4859 | D:6      | Reached XP level 8. HP: 51/67 MP: 10/12
  4958 | D:6      | Noticed Duvessa
  4958 | D:6      | Noticed Dowan
  4969 | D:6      | Killed Duvessa
  4969 | D:6      | Reached skill level 5 in Invocations
  5002 | D:6      | Killed Dowan
  5179 | D:6      | Reached skill level 6 in Invocations
  5349 | D:6      | Reached skill level 7 in Invocations
  5354 | D:6      | Got a brightly glowing ring mail
  5365 | D:6      | Identified the cursed +1 ring mail "Morinool" {rCorr} (You found it on level 6 of the Dungeon)
  5388 | D:6      | Found an opulent altar of Gozag.
  5515 | D:6      | Found a staircase to the Ecumenical Temple.
  5693 | D:6      | Noticed Menkaure
  5696 | D:6      | Killed Menkaure
  5696 | D:6      | Reached skill level 5 in Evocations
  5945 | D:6      | Found a bloodstained altar of Trog.
  6035 | D:7      | Reached XP level 9. HP: 38/72 MP: 16/16
  6054 | D:7      | Reached skill level 8 in Invocations
  6215 | D:7      | Reached **** piety under Lugonu
  6330 | D:7      | Slain by an ogre

Skill      XL: |  1  2  3  4  5  6  7  8  9 |
---------------+----------------------------+-----
Fighting       | 4 6 7 |  7.0
Armour         | 3 5 |  5.2
Invocations    | 4 7 8 |  8.3
Evocations     | 2 5 |  5.9
Axes           | |  1.7
Dodging        | |  0.8

Action                   |  1- 3 |  4- 6 |  7- 9 || total
-------------------------+-------+-------+-------++-------
Melee: Hand axe          |   118 |    51 |       ||   169
       Whip              |       |    44 |   254 ||   298
       Kick              |       |     1 |    81 ||    82
Invok: Depart the Abyss  |     1 |       |       ||     1
Evoke: Wand              |       |       |     9 ||     9
  Use: Scroll            |     6 |     5 |     2 ||    13
       Potion            |    10 |     1 |     4 ||    15
 Stab: Sleeping          |     1 |       |       ||     1
       Invisible         |       |       |     1 ||     1
       Paralysed         |       |       |     1 ||     1
  Eat: Ration            |     1 |     2 |     2 ||     5
Armor: Leather armour    |    17 |       |       ||    17
       Ring mail         |    37 |    23 |     1 ||    61
       Chain mail        |       |    31 |   144 ||   175
Dodge: Dodged            |    83 |    42 |   116 ||   241
